Map: Orbital Shipyard

Players

wabbajack

  • Race: Zerg Zerg
  • League: Gold

Xenon - Winner!

  • Race: Terran Terran
  • League: Silver

VOD

Have the link to the VOD?

Description

Time

  • Played on: July 17, 2015, 6:02 p.m.
  • Length: 10:21
Show
View Real Time Build Order
Export as new Build Order

wabbajack Zerg 

Build Orders: Hatch First 

Get SALT Encoding   

  12  0:02  Drone  
  13  0:20  Overlord  
  13  0:26  Drone  
  14  0:39  Drone x2  
  16  0:52  Hatchery  
  16  0:56  Drone  
  16  0:58  Drone  
  16  1:02  Extractor  
  16  1:05  Drone  
  17  1:15  Drone  
  18  1:22  Spawning Pool  
  17  1:25  Drone  
  18  1:37  Drone  
  19  1:47  Overlord  
  19  2:00  Drone  
  20  2:07  Drone  
  21  2:10  Metabolic Boost, Queen  
  21  2:11  Extractor  
  21  2:13  Queen  
  24  2:17  Drone  
  24  2:20  Drone  
  26  2:23  Drone  
  27  2:32  Zergling x2  
  28  2:38  Zergling x4  
  30  2:46  Baneling Nest  
  29  2:52  Overlord  
  29  3:00  Zergling x2  
  29  3:02  Zergling x2  
  31  3:06  Zergling x4  
  31  3:12  Zergling x4  
  35  3:28  Pneumatized Carapace  
  35  3:30  Drone  
  35  3:31  Drone x6  
  42  3:36  Baneling x2  
  42  3:41  Baneling x3  
  42  3:46  Baneling  
  42  4:14  Hatchery  
  38  4:45  Queen  
  38  4:48  Lair  
  38  4:49  Overlord  
  38  4:50  Overlord, Drone  
  38  4:51  Drone x4  
  44  4:54  Spore Crawler  
  44  4:55  Spore Crawler  
  44  4:59  Spine Crawler  
  31  5:42  Zergling x10  
  35  5:43  Zergling x2  
  35  5:45  Overlord x2  
  36  5:50  Spire  
  36  5:52  Roach Warren  
  36  5:53  Hydralisk Den  
  33  5:57  Baneling  
  33  5:58  Baneling x3  
  32  6:11  Drone  
  32  6:12  Drone x5  
  35  6:42  Drone x3  
  37  6:47  Spore Crawler  
  37  6:48  Spore Crawler  
  37  6:49  Drone x5  
  37  6:50  Drone x2  
  37  6:51  Spine Crawler  
  41  7:01  Mutalisk x2  
  41  7:05  Mutalisk  
  47  7:35  Extractor  
  47  7:37  Drone x2, Extractor  
  47  7:52  Drone x3  
  47  7:53  Drone, Extractor x2  
  47  7:54  Drone x3  
  47  7:55  Drone x2  
  47  7:56  Drone x2  
  47  7:57  Drone  
  57  8:03  Drone  
  59  8:05  Drone x2  
  59  8:06  Drone x2  
  59  8:07  Drone  
  59  8:08  Overlord  
  59  8:09  Overlord  
  63  8:33  Lurker Den  
  62  8:56  Infestation Pit  
  62  9:00  Hydralisk x4  
  62  9:01  Hydralisk x2  
  62  9:02  Hydralisk x2  
  73  9:04  Overlord x2  
  77  9:14  Infestation Pit  
  76  9:17  Evolution Chamber  
  75  9:25  Roach x4  
  75  9:26  Roach x4  
  75  9:27  Zergling x10  
  96  9:43  Drone  
  96  9:44  Drone x7  
  80  10:05  Lurker x3  
Show
View Real Time Build Order
Export as new Build Order

Xenon Terran - Winner!

Build Orders: 1/1/1, Siege Tank Drop 

Get SALT Encoding   

  12  0:03  SCV  
  13  0:15  SCV  
  13  0:20  Supply Depot  
  14  0:27  SCV  
  15  0:29  Refinery  
  15  0:42  SCV  
  16  0:46  Barracks  
  16  0:56  SCV  
  17  1:08  SCV  
  18  1:20  SCV  
  19  1:33  Orbital Command  
  19  1:34  Marine  
  19  1:37  Factory  
  20  1:45  Supply Depot  
  20  1:53  Marine  
  21  1:59  SCV  
  22  2:13  Command Center  
  22  2:16  SCV  
  22  2:20  Refinery  
  22  2:21  Marine  
  24  2:28  Starport  
  24  2:32  SCV  
  24  2:34  Factory Tech Lab  
  25  2:43  Marine  
  25  2:44  SCV  
  27  2:50  Supply Depot  
  27  2:55  Siege Tank  
  27  2:56  SCV  
  31  3:11  SCV  
  32  3:13  Supply Depot  
  32  3:14  Medivac  
  34  3:24  Orbital Command  
  34  3:26  SCV  
  35  3:32  Marine  
  36  3:37  Siege Tank  
  36  3:38  SCV  
  40  3:50  SCV  
  41  3:56  Medivac  
  41  4:00  SCV, Refinery  
  44  4:03  SCV  
  44  4:05  Supply Depot  
  45  4:12  SCV  
  45  4:15  SCV  
  47  4:20  Siege Tank  
  50  4:24  SCV  
  50  4:27  SCV  
  52  4:35  Barracks  
  52  4:36  SCV, Barracks  
  53  4:39  SCV  
  47  4:53  Marine  
  39  5:11  Marine  
  25  5:45  Barracks Reactor  
  25  5:46  SCV x2  
  27  5:58  SCV x2  
  29  6:10  SCV x2  
  31  6:15  Barracks Reactor, Barracks Tech Lab  
  31  6:22  SCV  
  32  6:45  Marine  
  32  6:46  Marine  
  32  6:47  SCV x2  
  36  6:57  Marauder, Barracks, Marine x2  
  36  6:59  SCV x2, Barracks  
  36  7:00  Barracks  
  36  7:01  Stimpack  
  42  7:04  Siege Tank  
  45  7:11  SCV x2  
  45  7:15  Marine x2  
  49  7:17  Starport Reactor, Marine x2  
  49  7:18  Marauder  
  50  7:23  SCV x2  
  52  7:31  Supply Depot  
  52  7:34  Marine x2  
  52  7:35  SCV x2  
  56  7:37  Siege Tank  
  56  7:40  Marauder  
  61  7:47  SCV  
  61  7:49  SCV  
  61  7:50  Marine  
  61  7:51  Barracks Reactor, Marine  
  65  7:52  Barracks Tech Lab x2  
  65  7:59  Supply Depot, SCV  
  65  8:02  SCV  
  67  8:06  Marauder  
  67  8:09  Medivac x2  
  67  8:10  Marine x2  
  67  8:11  SCV  
  76  8:44  Marauder x2, Marine x3  
  76  8:45  Marine x3  
  86  8:50  Supply Depot  
  86  8:51  Supply Depot  
  86  9:11  SCV x2, Marine x6  
  94  9:19  Marine  
  94  9:20  Marauder x2  
  94  9:23  SCV x2  
  101  9:29  Marine  
  102  9:34  Supply Depot  
  102  9:35  Supply Depot x2  
  102  9:49  Marine  
  102  9:50  SCV x2, Marine  
  102  9:51  Marine  
  102  9:52  Marine  
  100  9:53  Marauder, Marine  
  100  9:55  Marine  
  100  9:56  Marauder  
Tags
 
Add a new tag
Caveats
  • Supply blocks, unpowered buildings, or Contaminate may cause inaccurate times.
  • Supply counts are checked every 10 seconds.